 Dungeon Crawl Stone Soup version 0.32-a0-21-gdaabb59 (webtiles) character file.

Game seed: 697382377698120192

162581 Zigger the Eclecticist (level 17, -1/106 HPs)
             Began as a Demonspawn Fire Elementalist on Jan 17, 2024.
             Was a High Priest of Vehumet.
             Slain by a seven-headed hydra (7 damage)
             ... on level 3 of the Swamp.
             The game lasted 01:10:09 (39591 turns).

Zigger the Eclecticist (DsFE)                      Turns: 39591, Time: 01:10:09

Health: -1/106     AC: 17    Str: 14    XL:     17   Next: 22%
Magic:  21/47      EV: 12    Int: 23    God:    Vehumet [*****.]
Gold:   2236       SH:  0    Dex: 13    Spells: 10/51 levels left

rFire   + + .        t - +5 hand axe "Vatedunt" {flame, Fly rPois}
rCold   . . .        h - orb {*channel}
rNeg    . . .        d - +3 leather armour {rF+}
rPois   +            g - +2 helmet
rElec   .            R - +1 cloak "Queschous" {SInv Stlth+}
rCorr   .            D - +2 pair of gloves
SInv    +            (boots unavailable)
Will    +....        p - amulet of the acrobat
Stlth   +++          b - ring "Beahupn" {rF+ Str+4 SInv}
HPRegen 1.17/turn    s - ring of magical power
MPRegen 0.30/turn

%: random rage (3%), acrobat, channel magic (20%)
@: flying, very slightly contaminated
A: hooves 3, thin metallic scales 2, ignite blood 1, spiny 3, berserk 1,
regeneration 1
a: Renounce Religion


You were on level 3 of the Swamp.
You worshipped Vehumet.
Vehumet was extremely pleased with you.
You visited 6 branches of the dungeon, and saw 29 of its levels.
You also visited: Sewer, Bailey and Gauntlet.

You collected 2927 gold pieces.
You spent 691 gold pieces at shops.

Inventory:

Hand Weapons
 t - the +5 hand axe "Vatedunt" (weapon) {flame, Fly rPois}
   (You found it on level 5 of the Dungeon)

   rPois:     It protects you from poison Fly: It grants you flight.
Missiles
 w - 3 throwing nets
Armour
 d - a +3 leather armour of fire resistance (worn)
 g - a +2 helmet (worn)
 h - an orb of energy (worn)
 D - a +2 pair of gloves (worn)
 L - a +2 robe of willpower
 R - the +1 cloak "Queschous" (worn) {SInv Stlth+}
   (You found it in a Gauntlet)

   SInv:      It lets you see invisible.
   Stlth+:    It makes you more stealthy.
Jewellery
 b - the ring "Beahupn" (left hand) {rF+ Str+4 SInv}
   (You found it in a Gauntlet)

   [ring of see invisible]

   Str+4:     It affects your strength (+4).
   rF+:       It protects you from fire.
   SInv:      It lets you see invisible.
 p - an amulet of the acrobat (around neck)
 s - a ring of magical power (right hand)
Wands
 f - a wand of mindburst (11)
 z - a wand of polymorph (13)
 G - a wand of flame (27)
 J - a wand of charming (12)
 T - a wand of digging (9)
 V - a wand of roots (21)
 X - a wand of light (17)
Scrolls
 i - 21 scrolls of identify
 l - 8 scrolls of fog
 o - 5 scrolls of blinking
 v - a scroll of revelation
 x - 4 scrolls of enchant weapon
 y - 3 scrolls of fear
 B - 3 scrolls of amnesia
 C - 5 scrolls of immolation
 E - 7 scrolls of teleportation
 M - a scroll of brand weapon
 Q - 2 scrolls of torment
 S - 3 scrolls of enchant armour
 U - 5 scrolls of vulnerability
 W - a scroll of summoning
Potions
 a - 9 potions of mutation
 e - 7 potions of heal wounds
 j - 7 potions of enlightenment
 k - 13 potions of curing
 m - 2 potions of haste
 n - 2 potions of cancellation
 q - 5 potions of might
 u - 2 potions of berserk rage
 K - 2 potions of resistance
 P - 2 potions of attraction
 Y - a potion of brilliance
Miscellaneous
 c - a phantom mirror
 r - a phial of floods
 I - a tin of tremorstones (2/2)


   Skills:
 + Level 2.3 Fighting
 + Level 0.2 Axes
 + Level 1.4 Armour
 + Level 3.4 Dodging
 + Level 3.7 Stealth
 * Level 17.7 Spellcasting
 * Level 11.7 Conjurations
 + Level 6.3 Hexes
 * Level 16.9 Fire Magic
 * Level 7.1 Air Magic
 * Level 6.6 Earth Magic
 + Level 0.5 Evocations


You had 10 spell levels left.
You knew the following spells:

 Your Spells              Type           Power      Damage    Failure   Level
a - Foxfire               Conj/Fire      100%       2x1d9     1%          1
b - Scorch                Fire           100%       2d9       1%          2
c - Inner Flame           Hex/Fire       65%        N/A       1%          3
d - Starburst             Conj/Fire      36%        6d11      1%          6
e - Stone Arrow           Conj/Erth      100%       3d13      1%          3
f - Fire Storm            Conj/Fire      36%        8d9       95%         9
g - Lee's Rapid Deconstr  Erth           25%        3d14*     4%          5
h - Plasma Beam           Fire/Air       33%        2x1d46    3%          6
i - Irradiate             Conj/Alch      23%        3d19      5%          5
j - Apportation           Tloc           40%        N/A       11%         1

Your spell library contained the following spells:

 Spells                   Type           Power      Damage    Failure   Level
 Conjure Ball Lightning   Conj/Air       29%        3x3d8     7%          6
 Sting                    Conj/Alch      100%       1d9       1%          1
 Dazzling Flash           Conj/Hex       100%       N/A       1%          3
 Volatile Blastmotes      Fire/Tloc      100%       2d18      1%          3
 Flame Wave               Conj/Fire      72%        2d16      1%          4
 Fireball                 Conj/Fire      36%        3d15      1%          5
 Jinxbite                 Hex            98%        N/A       3%          2
 Necrotise                Necr           80%        1d8       11%         1
 Summon Small Mammal      Summ           80%        N/A       11%         1
 Sublimation of Blood     Necr           20%        N/A       14%         2
 Summon Lightning Spire   Summ/Air       36%        N/A       19%         4
 Animate Armour           Summ/Erth      70%        N/A       22%         4
 Petrify                  Alch/Erth      35%        N/A       22%         4
 Ozocubu's Armour         Ice            20%        N/A       24%         3
 Metabolic Englaciation   Hex/Ice        17%        N/A       45%         5
 Manifold Assault         Tloc           20%        N/A       52%         4
 Alistair's Intoxication  Alch           13%        N/A       83%         5
 Maxwell's Capacitive Co  Air            26%        ∞         97%         8
 Dispersal                Tloc           10%        N/A       100%        6
 Sculpt Simulacrum        Ice/Alch       10%        N/A       100%        6
 Disjunction              Tloc           10%        N/A       100%        8
 Chain Lightning          Conj/Air       29%        3d39      100%        9
 Shatter                  Erth           25%        3d21*     100%        9


Dungeon Overview and Level Annotations

Branches:
Dungeon (15/15)            Temple (1/1) D:4            Lair (5/5) D:11
  Swamp (4/4) Lair:2       Spider (2/4) Lair:2        Slime (0/5) Lair:5
    Orc (2/2) D:11            Elf (0/3) Orc:2        Vaults (0/5) D:13
 Depths (0/4) D:15          Sewer (visited)          Bailey (visited)
Gauntlet (visited)

Altars:
Ashenzari
Cheibriados
Dithmenos
Fedhas
Gozag
Hepliaklqana
Kikubaaqudgha
Makhleb
Nemelex Xobeh
Okawaru
Qazlal
Ru
Sif Muna
Trog
Uskayaw
Vehumet
Wu Jian
Xom
Yredelemnul

Shops:
D:3 ?   Orc:2 :[((

Annotations:
D:15 3 runed translucent doors, Yjerus's ghost, adept MiAK


Innate Abilities, Weirdness & Mutations

You have hooves in place of feet.
You are mostly covered in thin metallic scales. (AC +3)
Your demonic aura sometimes causes spilled blood to erupt in flames.
You are completely covered in sharp spines.
You sometimes lose your temper in combat.
Your natural rate of healing is unusually fast.


Message History

* * * LOW HITPOINT WARNING * * *
The seven-headed hydra closely misses you.
The seven-headed hydra barely misses you.
The seven-headed hydra bites you!
* * * LOW HITPOINT WARNING * * *
You feel much better. The seven-headed hydra bites you!
* * * LOW HITPOINT WARNING * * *
The seven-headed hydra bites you!
* * * LOW HITPOINT WARNING * * *
The seven-headed hydra bites you but does no damage.
The seven-headed hydra misses you.
The seven-headed hydra bites you but does no damage.
The seven-headed hydra misses you. The seven-headed hydra bites you.
* * * LOW HITPOINT WARNING * * *
You feel much better.
The seven-headed hydra is struck by your spines.
The seven-headed hydra bites you but does no damage.
The seven-headed hydra bites you.
* * * LOW HITPOINT WARNING * * *
The seven-headed hydra bites you but does no damage. x3
The seven-headed hydra barely misses you.
The seven-headed hydra bites you but does no damage.
Unknown command.
Casting: Starburst (dangerous; 1% risk of failure)
Confirm with . or Enter, or press ? or * to list all spells.
Casting: Starburst (dangerous; 1% risk of failure)
Press: ? - help, Dir - look around, f - activate You miscast Starburst.
You are very lightly contaminated with residual magic.
You are blasted with fire.
You resist.
* * * LOW HITPOINT WARNING * * *
Magical energy flows into your mind!
The seven-headed hydra barely misses you.
The seven-headed hydra bites you!
* * * LOW HITPOINT WARNING * * *
The seven-headed hydra bites you!
* * * LOW HITPOINT WARNING * * *
The seven-headed hydra bites you but does no damage. x2
The seven-headed hydra bites you!
You die...

♣♣♣ ♣♣.♣♣♣
♣♣.~..♣.~~~~~~~~
♣.♣♣♣♣.~.~♣♣
♣.~..~.~~§~~~~~
♣♣...~...♣.♣
♣~~~.~~.~.~...~
♣♣~.~♣♣..~♣♣
♣~.§♣.~.~~~.♣~~
♣♣.♣♣♣♣.~§♣♣♣
♣♣.).♣.~.~.~..~§ ♣♣.♣
♣~~...♣♣♣.§♣~~♣~~~~~~...
♣.♣♣
♣♣.....§♣.♣..♣♣~~♣~~♣..♣
♣♣♣
♣♣♣~~§.....♣♣♣♣~..~..♣♣
♣♣§§@D...§♣♣♣♣....♣♣
♣♣○§§~§.~~♣♣.<.♣♣♣
♣♣♣♣♣♣§.~~...♣♣
♣♣♣.~~♣♣♣ ♣.~♣♣ ♣♣.♣♣
♣~~.♣ ♣♣.♣♣ ♣♣♣


You could see a seven-headed hydra.

Vanquished Creatures
  Gastronok (Lair:1)
  Donald (Swamp:1)
  A fenstrider witch (Swamp:2)
  A ghoul (Swamp:1)
  An orc warlord (Bailey)
  An eleionoma (Swamp:2)
  A minotaur (Gauntlet)
  3 bunyips
  2 ettins
  A shambling mangrove (Swamp:1)
  8 vault guards (D:13)
  Erolcha (D:13)
  12 hydras
  3 boulder beetles
  An ogre mage (Orc:2)
  2 ghost crabs
  A radroach (Spider:1)
  4 two-headed ogres
  7 centaur warriors
  13 alligators
  A tengu warrior (D:15)
  17 death yaks
  3 demonic crawlers (Spider:1)
  An occultist (D:15)
  4 orc high priests
  Sonja (Orc:2)
  3 skysharks (Lair:5)
  Urug (D:10)
  A soul eater (Gauntlet)
  5 goliath frogs
  A pharaoh ant (Spider:1)
  A skeletal warrior (D:13)
  5 orb spiders (Spider:1)
  A spriggan druid (Swamp:1)
  A sun moth (Spider:1)
  5 swamp dragons
  10 bog bodies
  A harpy (shapeshifter) (D:15)
  An arcanist (D:14)
  3 steelbarb worms (Spider:1)
  A deep elf pyromancer (D:14)
  A necromancer (D:15)
  5 orc knights
  An ugly thing (D:13)
  6 cyclopes
  3 orc sorcerers
  An oklob plant (Orc:2)
  6 wolf spiders (Spider:1)
  A worldbinder (Gauntlet)
  2 manticores
  A will-o-the-wisp (Swamp:1)
  3 meliai (D:13)
  12 elephants
  3 kobold blastminers
  3 black mambas
  5 torpor snails
  A gargoyle (D:11)
  Maggie (D:6)
  27 cane toads
  3 minotaur zombies (Gauntlet)
  4 unseen horrors
  Jeremiah (D:6)
  4 kobold demonologists
  6 rime drakes
  8 komodo dragons
  A freezing wraith (D:14)
  3 tengu conjurers
  A troll (shapeshifter) (D:13)
  4 tyrant leeches
  7 trolls
  A bloated husk (Swamp:2)
  5 hornets (Swamp:1)
  20 blink frogs
  7 tarantellas (Spider:1)
  A jumping spider (shapeshifter) (D:13)
  5 dream sheep (Lair:5)
  17 slime creatures
  8 jumping spiders
  5 culicivoras
  5 wraiths
  40 yaks
  A yak (shapeshifter) (D:13)
  2 water elementals (D:12)
  An air elemental (D:12)
  A shadow (D:11)
  2 spriggans (Swamp:1)
  3 humans (D:10)
  2 wyverns
  A hog (shapeshifter) (D:13)
  3 vampires
  A fire elemental (D:12)
  4 wargs
  A steam dragon (D:10)
  3 basilisks
  2 unseen horror simulacra (D:10)
  26 vampire mosquitoes
  16 redbacks
  15 swamp worms
  Edmund (D:6)
  An acid dragon (D:9)
  13 water moccasins
  A meliai simulacrum (D:14)
  5 swamp drakes
  27 orc warriors
  An ice beast (D:10)
  3 black bears
  6 ogres
  A boggart (Gauntlet)
  17 wolves
  3 centaurs
  3 kobold brigands
  A brain worm (Sewer)
  4 necrophages (Swamp:1)
  An earth elemental (D:12)
  2 gnoll sergeants
  14 bullfrogs
  5 scorpions
  6 killer bees (D:9)
  5 howler monkeys
  4 electric eels
  3 hounds
  5 jellies
  12 orc priests
  A sleepcap (D:4)
  4 iguanas (D:6)
  23 orc wizards
  9 hell rats
  3 centaur simulacra (D:10)
  7 adders
  21 gnolls
  A river rat (Sewer)
  3 shadow imps (Gauntlet)
  2 white imps (D:10)
  A howler monkey simulacrum (D:10)
  6 ufetubi
  4 dart slugs
  A ribbon worm (Sewer)
  85 orcs
  6 endoplasms
  5 giant cockroaches
  17 goblins
  9 hobgoblins
  5 jackals
  15 kobolds
  13 quokkas
  9 ball pythons
  9 bats
  4 frilled lizards
  6 rats
  A butterfly (D:4)
868 creatures vanquished.

Vanquished Creatures (collateral kills)
  A shadow imp (Gauntlet)
1 creature vanquished.

Vanquished Creatures (others)
  A culicivora (Spider:1)
  2 orc priests (Orc:2)
  An orc wizard (Orc:2)
  1086 foxfires
1090 creatures vanquished.

Grand Total: 1959 creatures vanquished

Notes
Turn   | Place    | Note
-------+----------+-------------------------------------------
     0 | D:1      | Zigger the Demonspawn Fire Elementalist began the quest for
                  | the Orb.
     0 | D:1      | Reached XP level 1. HP: 13/13 MP: 3/3
   305 | D:1      | Gained mutation: You are partially covered in sharp spines.
                  | [demonic ancestry]
   305 | D:1      | Reached XP level 2. HP: 19/19 MP: 1/5
  1076 | D:1      | Learned a level 2 spell: Scorch
  1347 | D:2      | Gained mutation: You are partially covered in thin metallic
                  | scales. (AC +2) [demonic ancestry]
  1347 | D:2      | Reached XP level 3. HP: 24/24 MP: 4/6
  2520 | D:3      | Gained mutation: You sometimes lose your temper in combat.
                  | [potion of mutation]
  2520 | D:3      | Gained mutation: Your natural rate of healing is unusually
                  | fast. [potion of mutation]
  2767 | D:3      | Found Besuv's Magic Scroll Shoppe.
  2771 | D:3      | Bought a scroll of blinking for 97 gold pieces
  3161 | D:3      | Found a faded altar of an unknown god.
  3648 | D:4      | Noticed a scorpion
  3653 | D:4      | Killed a scorpion
  3654 | D:4      | Reached skill level 3 in Spellcasting
  3654 | D:4      | Gained mutation: You are mostly covered in thin metallic
                  | scales. (AC +3) [demonic ancestry]
  3654 | D:4      | Reached XP level 4. HP: 30/30 MP: 1/8
  3731 | D:4      | Noticed a black bear
  3742 | D:4      | Killed a black bear
  3743 | D:4      | Reached XP level 5. HP: 35/35 MP: 2/10
  3747 | D:4      | Learned a level 3 spell: Inner Flame
  4048 | D:4      | Reached XP level 6. HP: 42/42 MP: 0/11
  4602 | D:4      | Reached skill level 4 in Spellcasting
  4738 | D:4      | Found a staircase to the Ecumenical Temple.
  4750 | Temple   | Entered the Ecumenical Temple
  5148 | D:4      | Found a snail-covered altar of Cheibriados.
  5423 | D:5      | Entered Level 5 of the Dungeon
  5432 | D:5      | Gained mutation: Your demonic aura sometimes causes spilled
                  | blood to erupt in flames. [demonic ancestry]
  5432 | D:5      | Reached XP level 7. HP: 47/47 MP: 6/13
  5618 | D:5      | Found a glowing drain.
  5636 | Sewer    | Entered a sewer
  6769 | D:5      | Identified the +5 hand axe "Vatedunt" {flame, Fly rPois}
  6956 | D:5      | Reached skill level 5 in Spellcasting
  7179 | D:5      | Reached skill level 1 in Hexes
  7179 | D:5      | Reached skill level 5 in Fire Magic
  7349 | D:5      | Reached XP level 8. HP: 53/53 MP: 4/16
  7449 | D:5      | Found a blossoming altar of Fedhas.
  7449 | D:5      | Found a bloodstained altar of Trog.
  7587 | D:5      | Reached skill level 5 in Conjurations
  7858 | D:6      | Noticed Maggie
  7867 | D:6      | Killed Maggie
  7868 | D:6      | Reached skill level 6 in Spellcasting
  7997 | D:6      | Noticed Edmund
  8003 | D:6      | Killed Edmund
  8004 | D:6      | Reached skill level 1 in Fighting
  8470 | D:6      | Reached skill level 7 in Spellcasting
  8475 | D:6      | Reached XP level 9. HP: 59/59 MP: 10/19
  8684 | D:6      | Noticed Jeremiah
  8698 | D:6      | Killed Jeremiah
  9258 | D:7      | Learned a level 6 spell: Starburst
  9450 | D:7      | Found a radiant altar of Vehumet.
  9461 | D:7      | Found an ancient bone altar of Kikubaaqudgha.
  9469 | D:7      | Became a worshipper of Vehumet
  9501 | D:7      | Found a shimmering blue altar of Sif Muna.
  9893 | D:8      | Reached skill level 8 in Spellcasting
 10196 | D:8      | Reached XP level 10. HP: 58/65 MP: 17/22
 10950 | D:9      | Noticed a two-headed ogre
 10958 | D:9      | Killed a two-headed ogre
 10958 | D:9      | Reached * piety under Vehumet
 10958 | D:9      | Offered knowledge of Kiss of Death by Vehumet.
 11795 | D:10     | Entered Level 10 of the Dungeon
 11795 | D:10     | Noticed Urug
 11993 | D:10     | Killed Urug
 11994 | D:10     | Reached skill level 9 in Spellcasting
 12131 | D:10     | Found a flagged portal.
 12140 | Bailey   | Entered a bailey
 12215 | Bailey   | Offered knowledge of Freeze by Vehumet.
 12243 | Bailey   | Reached ** piety under Vehumet
 12743 | Bailey   | Noticed an orc warlord
 12769 | Bailey   | Killed an orc warlord
 12805 | Bailey   | Reached XP level 11. HP: 60/70 MP: 16/24
 12912 | Bailey   | Offered knowledge of Searing Ray by Vehumet.
 13278 | Bailey   | Reached skill level 11 in Spellcasting
 13278 | Bailey   | Gained mutation: You have large cloven feet. [demonic
                  | ancestry]
 13278 | Bailey   | Reached XP level 12. HP: 76/76 MP: 24/27
 13380 | D:10     | Reached *** piety under Vehumet
 14111 | D:10     | Offered knowledge of Olgreb's Toxic Radiance by Vehumet.
 14333 | D:11     | Reached skill level 12 in Spellcasting
 14776 | D:11     | Found an ornate altar of the Wu Jian Council.
 14800 | D:11     | Reached skill level 5 in Hexes
 14911 | D:11     | Reached **** piety under Vehumet
 15130 | D:11     | Found a staircase to the Orcish Mines.
 15513 | D:11     | Identified the +3 short sword of Patterns {flame, Str+2
                  | Stlth+}
 15639 | D:11     | Offered knowledge of Airstrike by Vehumet.
 15671 | D:11     | Found a staircase to the Lair.
 15853 | Lair:1   | Entered Level 1 of the Lair of Beasts
 16112 | Lair:1   | Reached skill level 13 in Spellcasting
 16112 | Lair:1   | Gained mutation: You are mostly covered in sharp spines.
                  | [demonic ancestry]
 16112 | Lair:1   | Reached XP level 13. HP: 64/82 MP: 17/30
 16256 | Lair:1   | Noticed Gastronok
 16268 | Lair:1   | Killed Gastronok
 16538 | Lair:1   | Identified the +6 quarterstaff of Suorik {chaos, Stlth+}
 17214 | Lair:2   | Reached ***** piety under Vehumet
 17319 | Lair:2   | Found a hole to the Spider Nest.
 17462 | Lair:2   | Found a staircase to the Swamp.
 17651 | Lair:2   | Offered knowledge of Eringya's Noxious Bog by Vehumet.
 19160 | Lair:3   | Found a gate leading to a gauntlet.
 19204 | Gauntlet | Entered a Gauntlet
 19204 | Gauntlet | Found a transporter.
 19204 | Gauntlet | Found a transporter.
 19204 | Gauntlet | Found a runed translucent door.
 19206 | Gauntlet | Found a runed translucent door.
 19219 | Gauntlet | Found a transporter.
 19223 | Gauntlet | Found a transporter.
 19235 | Gauntlet | Found a transporter.
 19243 | Gauntlet | Found a transporter.
 19264 | Gauntlet | Found a transporter.
 19281 | Gauntlet | Found a transporter.
 19285 | Gauntlet | Found a transporter.
 19297 | Gauntlet | Found a transporter.
 19297 | Gauntlet | Found a transporter.
 19350 | Gauntlet | Identified the ring "Beahupn" {rF+ Str+4 SInv}
 19354 | Gauntlet | Reached skill level 14 in Spellcasting
 19401 | Gauntlet | Found a transporter.
 19565 | Gauntlet | Identified the +1 cloak "Queschous" {SInv Stlth+}
 19587 | Gauntlet | Noticed a minotaur
 19600 | Gauntlet | Killed a minotaur
 19663 | Gauntlet | Got the Quarto of Outbursts
 20042 | Lair:3   | Learned a level 3 spell: Stone Arrow
 20357 | Lair:3   | Gained mutation: You have hoof-like feet. [demonic
                  | ancestry]
 20357 | Lair:3   | Reached XP level 14. HP: 89/89 MP: 24/32
 21209 | Lair:4   | Identified a scroll of acquirement
 21219 | Lair:4   | Acquired a book of Annihilations
 21231 | Lair:4   | Learned a level 9 spell: Fire Storm
 21237 | Lair:4   | Learned a level 5 spell: Lee's Rapid Deconstruction
 21881 | Lair:4   | Reached skill level 1 in Earth Magic
 21928 | Lair:5   | Entered Level 5 of the Lair of Beasts
 21928 | Lair:5   | Found a staircase to the Slime Pits.
 22155 | Lair:5   | Offered knowledge of Plasma Beam by Vehumet.
 22291 | Lair:4   | Learned a level 6 spell: Plasma Beam
 22722 | Lair:5   | Reached skill level 10 in Conjurations
 22856 | Lair:5   | Reached skill level 15 in Spellcasting
 24378 | D:12     | Learned a level 5 spell: Irradiate
 24408 | D:12     | Reached skill level 15 in Fire Magic
 24536 | D:12     | Found a large runed translucent door.
 24536 | D:12     | Found a large runed translucent door.
 24907 | D:12     | Gained mutation: You are completely covered in sharp
                  | spines. [demonic ancestry]
 24907 | D:12     | Reached XP level 15. HP: 87/95 MP: 34/34
 25119 | D:12     | Paralysed by an air elemental for 1 turns
 26098 | D:13     | Found a gate to the Vaults.
 26189 | D:13     | Noticed Erolcha
 26193 | D:13     | Killed Erolcha
 26306 | D:13     | Offered knowledge of Yara's Violent Unravelling by Vehumet.
 26983 | D:13     | Reached skill level 16 in Spellcasting
 27209 | D:13     | Reached skill level 1 in Armour
 27895 | D:14     | Reached skill level 1 in Air Magic
 28717 | D:15     | Entered Level 15 of the Dungeon
 29468 | D:15     | Found a runed translucent gate.
 29478 | D:15     | Noticed Yjerus's ghost (adept MiAK)
 29488 | D:15     | Found a runed translucent gate.
 29489 | D:15     | Found a runed translucent gate.
 29634 | D:15     | Reached skill level 5 in Earth Magic
 29692 | D:15     | Found a staircase to the Depths.
 29727 | D:15     | Learned a level 1 spell: Apportation
 29876 | Orc:1    | Entered Level 1 of the Orcish Mines
 30995 | Orc:2    | Entered Level 2 of the Orcish Mines
 31278 | Orc:2    | Noticed Sonja
 31285 | Orc:2    | Killed Sonja
 32165 | Orc:2    | Reached XP level 16. HP: 101/101 MP: 31/36
 32331 | Orc:2    | Found a staircase to the Elven Halls.
 32966 | Orc:2    | Found Wisoz's Antique Armour Emporium.
 32966 | Orc:2    | Found Sakausmo's Book Boutique.
 32968 | Orc:2    | Found Meits's Antique Weapon Emporium.
 32968 | Orc:2    | Found Jerodium's Antique Weapon Boutique.
 32983 | Orc:2    | Bought a fading spear for 288 gold pieces
 32983 | Orc:2    | Identified the +12 spear "Pelykho" {freeze, rN+ Str+2 SInv}
                  | (You bought it in a shop on level 2 of the Orcish Mines)
 32983 | Orc:2    | Bought a slimy trident for 306 gold pieces
 32983 | Orc:2    | Identified the +3 trident of the Unbearable God {freeze,
                  | *Slow rF+ rCorr Int+3} (You bought it in a shop on level 2
                  | of the Orcish Mines)
 33246 | Spider:1 | Entered Level 1 of the Spider Nest
 34061 | Spider:1 | Reached skill level 5 in Air Magic
 35409 | Spider:2 | Offered knowledge of Conjure Ball Lightning by Vehumet.
 35412 | Spider:1 | Reached skill level 17 in Spellcasting
 35577 | Swamp:1  | Entered Level 1 of the Swamp
 35668 | Swamp:1  | Reached ****** piety under Vehumet
 36339 | Swamp:1  | Noticed Donald
 36376 | Swamp:1  | Killed Donald
 37808 | Swamp:2  | Gained mutation: You have hooves in place of feet. [demonic
                  | ancestry]
 37808 | Swamp:2  | Reached XP level 17. HP: 106/106 MP: 27/38
 39573 | Swamp:4  | Entered Level 4 of the Swamp
 39591 | Swamp:3  | Slain by a seven-headed hydra

Illustrated notes

Levels and vault maps discovered:
D:1:      heliophobic_arrival_glass_houses, layout_rooms, serial_bayou_pond_e,
          minmay_misc_feat_tiny, minmay_misc_feat_alley
D:2:      layout_basic
D:3:      layout_basic, basic_ecumenical_altar, serial_shops, shop,
          serial_glass, glass_columns_a, glass_columns_c, due_unseen_surprise,
          feat_on_display
D:4:      layout_layer_cave, mainiacjoe_overflow_swirl,
          minmay_temple_entry_butterflies, kennysheep_generic_room_16
D:5:      layout_rooms, mainiacjoe_overflow_divided_tiny, serial_curves,
          eino_curves_02, eino_curves_01, gup_sewer_entry_pipe
D:6:      layout_gridville, uniq_jeremiah, uniq_edmund, uniq_maggie
D:7:      layout_basic, palyth_temple_overflow_mages
D:8:      layout_basic
D:9:      layout_irregular_city
D:10:     layout_roguey, enter_bailey_2, serial_ice, serial_ice_l, serial_ice_h,
          serial_ice_m, serial_ice_n, serial_ice_g, serial_ice_b, serial_ice_c,
          serial_ice_o, serial_ice_a, serial_ice_e, minmay_ruffians, uniq_urug
D:11:     layout_loops_ring, lair_entry_dummy, david_orc_5,
          nzn_wu_jian_council_hall
D:12:     cheibrodos_barr_body, layout_basic, kennysheep_decorative_pillar,
          lightli_elemental_guards
D:13:     minmay_four_partial_circles, layout_loops_ring, erik_vaults_2,
          uniq_erolcha
D:14:     layout_cave_pods, nicolae_sextant
D:15:     hangedman_depths_entry_civil_slaughter, layout_long_grid,
          palyth_stone_intersect, gammafunk_ghost_hydra_chop
Temple:   nicolae_temple_superstar
Lair:1:   layout_hall_layers, beast_lair_carwin_9, uniq_gastronok
Lair:2:   layout_roguey, minmay_swamp_entry_swarm, dummy_spider_entry,
          serial_bayou_ford_a, grunt_megastairs_4, serial_bayou_shore_b,
          serial_bayou_shore_a
Lair:3:   layout_cave_pods, gauntlet_entry_generic
Lair:4:   layout_roguey, serial_bayou_pond_c
Lair:5:   minmay_lair_end_frog_pond, layout_concentric_octagons, slime_entry_1
Swamp:1:  layout_falls_marsh, nicolae_swamp_round_clearing,
          hangedman_swamp_ravenous, infiniplex_staircase_pool, uniq_donald
Swamp:2:  layout_basic_swamp, serial_swamp_ruin, evilmike_swamp_ruin_house_6,
          evilmike_swamp_ruin_house_4, evilmike_swamp_ruin_rubble_2,
          swamp_pool_4, st_swamp_ruins_4
Swamp:3:  layout_falls_marsh, evilmike_swamp_ruin_house_3, swamp_pool_3
Swamp:4:  byrel_swamp_growth_death_and_undeath, layout_basic_swamp,
          statue_in_the_mist_lemuel
Spider:1: layout_spider_delve, drop_trap, nicolae_spider_orb_run
Spider:2: layout_spider_delve, drop_trap, nicolae_spider_scorpion_nest
Orc:1:    layout_diamond_mine
Orc:2:    grunt_orc_tribal_feast, layout_caves, mines3_lemuel, uniq_sonja

Skill      XL: |  1  2  3  4  5  6  7  8  9 10 11 12 13 14 15 16 17 |
---------------+----------------------------------------------------+-----
Fire Magic     | 3 4 5 6 8 9 11 12 13 15 16 | 16.9
Spellcasting   | 3 4 5 7 8 9 11 13 14 15 16 17 | 17.7
Conjurations   | 2 3 4 5 6 7 9 10 11 | 11.7
Stealth        | 2 3 |  3.7
Dodging        | 2 3 |  3.4
Hexes          | 1 2 3 4 5 6 |  6.3
Fighting       | 1 2 |  2.3
Earth Magic    | 3 5 6 |  6.6
Armour         | 1 |  1.4
Air Magic      | 3 6 7 |  7.1
Axes           | |  0.2
Evocations     | |  0.5

Action                     |  1- 3 |  4- 6 |  7- 9 | 10-12 | 13-15 | 16-18 || total
---------------------------+-------+-------+-------+-------+-------+-------++-------
  Melee: Dagger            |     3 |       |       |       |       |       ||     3
         Hand axe          |       |       |     5 |     1 |     9 |       ||    15
         Kick              |       |       |       |       |     4 |       ||     4
   Cast: Foxfire           |   115 |    83 |   166 |   246 |    29 |       ||   639
         Inner Flame       |       |       |    54 |   156 |   145 |     1 ||   356
         Scorch            |       |       |    32 |    50 |     8 |       ||    90
         Starburst         |       |       |       |     8 |   333 |    38 ||   379
         Plasma Beam       |       |       |       |       |   148 |   275 ||   423
         Lee's Rapid Decon |       |       |       |       |     7 |       ||     7
         Irradiate         |       |       |       |       |     1 |     2 ||     3
         Apportation       |       |       |       |       |     1 |       ||     1
  Evoke: Wand              |       |       |     1 |     4 |     4 |       ||     9
         Tin of tremorston |       |       |       |       |     2 |       ||     2
    Use: Potion            |     4 |     2 |     1 |     2 |     6 |     2 ||    17
         Scroll            |     7 |     1 |     5 |     6 |     4 |     2 ||    25
 Armour: Robe              |     6 |     6 |    15 |    61 |   129 |       ||   217
         Steam dragon scal |       |       |    25 |    22 |       |       ||    47
         Leather armour    |       |       |       |       |    71 |   104 ||   175
  Dodge: Dodged            |     5 |     9 |    15 |    51 |   156 |    48 ||   284

Table legend: (Time is in decaauts)
 A = Elapsed time spent in this place.
 B = Non-inter-level travel time spent in this place.
 C = Inter-level travel time spent in this place.
 D = Time resting spent in this place.
 E = Time spent auto-exploring this place.
 F = Levels seen in this place.
 G = Mean time per level.
                   A        B        C        D        E       F      G
               +--------+--------+--------+--------+--------+-----+--------+
         Total |  39832 |  37037 |   2795 |     70 |  32330 |  32 | 1244.8 |
       Dungeon |  19716 |  18552 |   1164 |      1 |  16394 |  15 | 1314.4 |
        Temple |     86 |      1 |     85 |      0 |      0 |   1 |   86.0 |
          Lair |   7547 |   6948 |    599 |      0 |   6073 |   5 | 1509.4 |
         Swamp |   3673 |   3338 |    335 |      0 |   2924 |   4 |  918.2 |
   Spider Nest |   2313 |   2085 |    228 |     62 |   1799 |   2 | 1156.5 |
  Orcish Mines |   3202 |   2820 |    382 |      0 |   2539 |   2 | 1601.0 |
         Sewer |   1262 |   1262 |      0 |      7 |   1126 |   1 | 1262.0 |
        Bailey |   1212 |   1212 |      0 |      0 |    805 |   1 | 1212.0 |
      Gauntlet |    817 |    817 |      0 |      0 |    669 |   1 |  817.0 |
               +--------+--------+--------+--------+--------+-----+--------+

Top non-repeatable levels by time:
Spider:1: 2298 daAuts
    D:12: 2031 daAuts
  Lair:2: 1904 daAuts
    D:11: 1820 daAuts
 Swamp:1: 1784 daAuts
     D:4: 1753 daAuts
   Orc:2: 1664 daAuts
  Lair:5: 1588 daAuts
    D:13: 1552 daAuts
   Orc:1: 1537 daAuts
  Lair:1: 1440 daAuts
     D:3: 1369 daAuts
    D:14: 1331 daAuts
    D:10: 1323 daAuts
  Lair:3: 1320 daAuts
